AoeStats
← Elsalala

Migration

508626935Analyzed
1v1 RM · 9d ago on Sep 23, 2026· 61m 38s· 2 players
Game mode
Random Map
Map size
132×132
Population
200
Speed
Normal
Resources
Standard
Victory
Conquest
Starting age
Dark Age
Ending age
Imperial Age
RankedLock teamsTeams togetherTeam positionsShared explorationLock speedFull tech treeHidden civsTurbo modeCheats
Victory
Defeat
🇪🇸 Vikings · Spain
207
+18
🇳🇱 Gurjaras · Netherlands
259
-18
jonifarina
1:48 Loom
12:12 Feudal Age
13:10 Fishing Lines
14:03 Town Watch
21:58 Man-at-Arms
22:24 Arson
36:27 Castle Age
37:40 Crossbowman
43:36 Long Swordsman
48:14 Imperial Age
50:02 Arbalester
Elsalala
10:47 Loom
14:15 Feudal Age
15:39 Wheelbarrow
15:52 Double-Bit Axe
16:19 Fishing Lines
18:14 Gold Mining
19:38 Stone Mining
20:51 Town Watch
22:57 Forging
26:49 Castle Age
27:06 Arson
26:42 Man-at-Arms
31:50 Gillnets
34:48 Hand Cart
34:25 Horse Collar
35:24 Kshatriyas
38:31 Town Patrol
41:52 Imperial Age
44:10 Conscription
45:07 Treadmill Crane
45:51 Shipwright
45:43 Clinker Construction
45:50 Medium Warships
46:32 Murder Holes
50:03 Carvel Hull
49:56 Careening
52:11 Forging
51:53 Fletching
52:04 Scale Mail Armor
52:05 Padded Archer Armor
54:11 Heavy Warships
54:41 Gold Shaft Mining
56:54 Ballistics
57:36 Chemistry
59:00 Elite Chakram Thrower
Connection lost

Rejoining the realm…

Still unreachable

The connection could not be restored.

Session expired

The server has moved on; the page needs a fresh start.